[Event "WSTCC-50 2024"]
[Site "Krakow"]
[Date "2024.07.03"]
[Round "2.18"]
[White "McHugh, Kevin"]
[Black "Rasalingam, Haran"]
[Result "0-1"]
[ECO "C03"]
[WhiteElo "1938"]
[BlackElo "1944"]
[Annotator "NA RC"]
[PlyCount "112"]
[EventDate "2024.07.01"]
[EventType "team-tourn"]
[EventCountry "POL"]
[SourceTitle "playchess.com"]
[Source "ChessBase"]
[SourceQuality "1"]
[TimeControl "40/5400+30:1800+30"]

1. e4 e6 2. d4 d5 3. Nd2 h6 4. Bd3 c5 5. exd5 exd5 6. Qe2+ Be6 7. dxc5 Bxc5 8. Nb3 Bb6 9. Nf3 Nc6 10. O-O Nge7 11. c3 O-O 12. Be3 Bg4 13. h3 Bh5 14. Bxb6 Qxb6 15. Rfe1 a5 16. Qe3 Qxe3 17. Rxe3 Bxf3 18. Rxf3 a4 19. Nd2 a3 20. b3 d4 21. cxd4 Nxd4 22. Re3 Nec6 23. Be4 Rfd8 24. Nf3 Nxf3+ 25. Bxf3 Rd2 26. Bxc6 bxc6 27. b4 Rb2 28. Rc3 Ra6 29. Rc4 Kf8 30. g3 g6 31. Kg2 f6 32. Kf3 Kf7 33. Ke3 f5 34. h4 Ke6 35. Kf3 Kd6 36. Rd4+ Kc7 37. Rc4 Kb6 38. Rac1 Kb5 39. R1c2 Rxc2 40. Rxc2 Kxb4 41. Kf4 c5 42. h5 gxh5 43. Kxf5 Rd6 44. Ke5 Rd8 45. f4 c4 46. f5 c3 47. f6 Kc4 48. Rf2 Kd3 49. Rf3+ Kd2 50. Rf2+ Kc1 51. f7 c2 52. f8=Q Rxf8 53. Rxf8 Kb1 54. Rc8 c1=Q 55. Rxc1+ Kxc1 56. Kd4 Kd2 0-1

[Event "WSTCC-50 2024"]
[Site "Krakow"]
[Date "2024.07.03"]
[Round "2.19"]
[White "Pieper, Thomas"]
[Black "Flis, Pawel"]
[Result "1/2-1/2"]
[ECO "C50"]
[WhiteElo "2170"]
[BlackElo "1980"]
[Annotator "RC"]
[PlyCount "102"]
[EventDate "2024.07.01"]
[EventType "team-tourn"]
[EventCountry "POL"]
[SourceTitle "playchess.com"]
[Source "ChessBase"]
[SourceQuality "1"]
[TimeControl "40/5400+30:1800+30"]

1. e4 e5 2. Nf3 Nc6 3. Bc4 Be7 4. d4 d6 5. d5 Nb8 6. Bd3 Nf6 7. c4 O-O 8. Nc3 Nbd7 9. h3 Nc5 10. Bc2 a5 11. Be3 b6 12. a3 g6 13. b4 axb4 14. axb4 Rxa1 15. Qxa1 Na6 16. Qb1 Nh5 17. Bh6 Ng7 18. g4 Bd7 19. Bd3 Qc8 20. Rg1 f6 21. Qb2 Rf7 22. Ke2 f5 23. gxf5 gxf5 24. Bxg7 Rxg7 25. Rxg7+ Kxg7 26. Qb1 f4 27. Ng1 h5 28. Qb3 Nb8 29. Qa3 Bxh3 30. Nxh3 Qxh3 31. Qa7 Qc8 32. Nb5 f3+ 33. Kd2 Na6 34. c5 bxc5 35. Nxd6 Bxd6 36. Bxa6 Qf8 37. bxc5 Bxc5 38. Qxc7+ Qe7 39. Qxe7+ Bxe7 40. Ke3 Kf6 41. Kxf3 Kg5 42. Bc8 Bc5 43. Bd7 Bd6 44. Be8 Bc5 45. Bf7 h4 46. Be6 Kf6 47. Bh3 Ke7 48. Ke2 Kd6 49. f3 Ba3 50. Kd3 Bc1 51. Bg4 Bf4 1/2-1/2

[Event "WSTCC-50 2024"]
[Site "Krakow"]
[Date "2024.07.03"]
[Round "2.19"]
[White "Wilson, Edgar"]
[Black "Fox, Anthony"]
[Result "1/2-1/2"]
[ECO "C29"]
[WhiteElo "1912"]
[BlackElo "1909"]
[Annotator "NA RC"]
[PlyCount "58"]
[EventDate "2024.07.01"]
[EventType "team-tourn"]
[EventCountry "POL"]
[SourceTitle "playchess.com"]
[Source "ChessBase"]
[SourceQuality "1"]
[TimeControl "40/5400+30:1800+30"]

1. e4 e5 2. Nc3 Nf6 3. f4 d5 4. fxe5 Nxe4 5. Qf3 Nxc3 6. dxc3 Be7 7. Bf4 Be6 8. O-O-O Nd7 9. Kb1 c5 10. Ne2 Qa5 11. c4 d4 12. Nc1 O-O-O 13. Bd3 g5 14. Bg3 h5 15. Rde1 h4 16. Bf2 Qc7 17. Qe2 g4 18. b3 Rh5 19. Be4 Nxe5 20. Nd3 Nxd3 21. Bxd3 Rh6 22. Ref1 Bd6 23. h3 g3 24. Be1 Rg8 25. Bd2 Rhh8 26. Bf5 Qd7 27. Be4 Qc7 28. Bf5 Qd7 29. Be4 Qc7 1/2-1/2

[Event "WSTCC-50 2024"]
[Site "Krakow"]
[Date "2024.07.03"]
[Round "2.20"]
[White "Lyons, Brendan"]
[Black "Proudfoot, Andy"]
[Result "1-0"]
[ECO "A04"]
[WhiteElo "1920"]
[BlackElo "1607"]
[Annotator "NA RC"]
[PlyCount "53"]
[EventDate "2024.07.01"]
[EventType "team-tourn"]
[EventCountry "POL"]
[SourceTitle "playchess.com"]
[Source "ChessBase"]
[SourceQuality "1"]
[TimeControl "40/5400+30:1800+30"]

1. Nf3 d6 2. g3 Nf6 3. Bg2 e5 4. d3 Nbd7 5. e4 Be7 6. O-O c6 7. b3 h6 8. Bb2 g5 9. Re1 Qc7 10. a4 Nf8 11. Na3 Ng6 12. Nc4 Be6 13. Nfd2 h5 14. d4 h4 15. Ne3 hxg3 16. fxg3 O-O-O 17. Nf5 Rdg8 18. c4 Qb6 19. a5 Qc7 20. b4 exd4 21. Bxd4 Bxf5 22. exf5 Ne5 23. Bxa7 Nd3 24. Bb6 Qd7 25. a6 bxa6 26. Rxa6 Qxf5 27. Bxc6 1-0

[Event "WSTCC-50 2024"]
[Site "Krakow"]
[Date "2024.07.03"]
[Round "2.20"]
[White "Zielinski, Olgierd"]
[Black "Scheckenbach, Franz"]
[Result "1-0"]
[ECO "B55"]
[WhiteElo "1913"]
[BlackElo "2072"]
[Annotator "NA RC"]
[PlyCount "75"]
[EventDate "2024.07.01"]
[EventType "team-tourn"]
[EventCountry "POL"]
[SourceTitle "playchess.com"]
[Source "ChessBase"]
[SourceQuality "1"]
[TimeControl "40/5400+30:1800+30"]

1. e4 c5 2. Nf3 d6 3. d4 cxd4 4. Nxd4 Nf6 5. f3 e5 6. Bb5+ Bd7 7. Bxd7+ Qxd7 8. Nb3 Be7 9. Nc3 O-O 10. Bg5 Na6 11. Bxf6 Bxf6 12. Nd5 Bg5 13. h4 Bd8 14. g4 Nc7 15. Nxc7 Qxc7 16. Qd3 Rc8 17. c3 a5 18. Nd2 b5 19. a3 Qc5 20. Nb3 Qb6 21. Rd1 b4 22. axb4 axb4 23. c4 Bxh4+ 24. Rxh4 Qg1+ 25. Ke2 Qg2+ 26. Ke3 Qxb2 27. Nd2 Qa2 28. Rdh1 h6 29. g5 Ra8 30. Ke2 Rfd8 31. gxh6 g6 32. h7+ Kh8 33. Qe3 Qa5 34. Qg5 Kg7 35. Rh6 Qc7 36. Rg1 Rf8 37. h8=Q+ Rxh8 38. Rxg6+ 1-0

[Event "WSTCC-50 2024"]
[Site "Krakow"]
[Date "2024.07.03"]
[Round "2.21"]
[White "Lima, Darcy"]
[Black "Baginskaite, Kamile"]
[Result "1-0"]
[ECO "B50"]
[WhiteElo "2392"]
[BlackElo "2057"]
[Annotator "TA"]
[PlyCount "43"]
[EventDate "2024.07.01"]
[EventType "team-tourn"]
[EventCountry "POL"]
[SourceTitle "playchess.com"]
[Source "ChessBase"]
[SourceQuality "1"]
[TimeControl "40/5400+30:1800+30"]

1. e4 c5 2. Nf3 d6 3. c3 Nf6 4. Be2 g6 5. O-O Bg7 6. Re1 O-O 7. Bf1 e5 8. d4 cxd4 9. cxd4 exd4 10. Nxd4 {[%emt 0:00:06] The position is equal.} d5 11. e5 {[%emt 0:02:43][%cal Oc1g5] aiming for Bg5!} Ng4 12. Bf4 $1 Re8 13. Nc3 Nxe5 14. Ndb5 d4 15. Nxd4 (15. Qxd4 $2 {loses.} Nf3+ 16. gxf3 Bxd4 $19) 15... a6 ({Black should try} 15... Nbc6 $11 16. Ndb5 Bg4 17. Qxd8 Rexd8) 16. Qd2 Nbc6 17. Nxc6 Nxc6 18. Rxe8+ Qxe8 19. Nd5 {[%emt 0:00:06] Threatens to win with Nc7.} Qd8 20. Bc7 Qd7 {[%emt 0:00:02] [#]} (20... Qf8 $14) 21. Rd1 (21. Re1 $1 $18 {[%cal Od2f4] is the precise move to win. Strongly threatening Qf4!} h6 22. Bf4) 21... Bd4 $2 {[%emt 0:03:36][%mdl 8192] [#]} (21... Nd4 $16 22. Nb6 Qxc7 23. Nxa8 Qd6) 22. Qxd4 $1 {[%emt 0:00:34][%mdl 512] Weighted Error Value: White=0.08 (flawless) /Black=0.67.  Loses game:     	---       	Black=1      Mistake:       	White=1     	Black=2      OK:         	White=7     	Black=5      Best:        	White=1     	---        Strong:       	White=1     	---        Brilliant:      	White=1     	---} 1-0

[Event "WSTCC-50 2024"]
[Site "Krakow"]
[Date "2024.07.03"]
[Round "2.21"]
[White "Skibbe, Diana"]
[Black "Slabek, Grzegorz"]
[Result "1/2-1/2"]
[ECO "B01"]
[WhiteElo "1942"]
[BlackElo "1962"]
[Annotator "NA RC"]
[PlyCount "169"]
[EventDate "2024.07.01"]
[EventType "team-tourn"]
[EventCountry "POL"]
[SourceTitle "playchess.com"]
[Source "ChessBase"]
[SourceQuality "1"]
[TimeControl "40/5400+30:1800+30"]

1. e4 d5 2. exd5 Nf6 3. d4 Nxd5 4. c4 Nb6 5. Nc3 e5 6. d5 c6 7. Nf3 Bb4 8. Be3 O-O 9. Qb3 Bxc3+ 10. bxc3 cxd5 11. cxd5 e4 12. Bxb6 axb6 13. Nd4 e3 14. Be2 exf2+ 15. Kxf2 Qh4+ 16. g3 Qh6 17. Nf3 Na6 18. Qc4 Nc5 19. Rhe1 Ra3 20. Bf1 Qf6 21. Re3 Ra4 22. Qe2 Bf5 23. Kg1 Bd7 24. Bg2 g6 25. Nd4 Rfa8 26. Rf1 Qg7 27. Rf2 Qh6 28. Qf3 Rf8 29. Bf1 Bg4 30. Qf4 Qxf4 31. Rxf4 Bd7 32. Rf2 Ra3 33. Nb5 Raa8 34. Nd6 f5 35. Re7 Rad8 36. Bc4 Rf6 37. Ne4 Nxe4 38. Rxe4 Kf8 39. Bb3 b5 40. Re3 Re8 41. Rfe2 g5 42. Rxe8+ Bxe8 43. Re5 Bd7 44. Bc2 h6 45. Bd3 Kf7 46. Be2 Rd6 47. Bf3 Kf6 48. Re2 Ra6 49. Kf2 f4 50. gxf4 gxf4 51. Ke1 Ra3 52. d6 Rxc3 53. Bxb7 Rd3 54. Kf2 Rxd6 55. Kf3 Rd4 56. Be4 Ra4 57. Rd2 Be6 58. Rb2 Bc4 59. Bc6 Rxa2 60. Rxa2 Bxa2 61. Bxb5 Kg5 62. Bc6 Bb1 63. Bd7 Bf5 64. Bc6 Be6 65. Be4 Bg4+ 66. Kf2 Kf6 67. Bc6 Ke5 68. Bb7 Kf6 69. Bc6 Kg5 70. Bd5 Kh4 71. Bg2 Bh5 72. Bf1 Bd1 73. Bg2 h5 74. Ke1 f3 75. Bf1 Ba4 76. Kf2 Bc6 77. Kg1 Bd7 78. Kf2 Kg4 79. Ke3 Bc8 80. Kf2 Kf4 81. Bb5 Bh3 82. Bc6 Bg2 83. Bb7 Kg4 84. Bc8+ Kh4 85. Be6 1/2-1/2

[Event "WSTCC-50 2024"]
[Site "Krakow"]
[Date "2024.07.03"]
[Round "2.22"]
[White "Norinkeviciute, Rasa"]
[Black "Becker, Rogerio Sperb"]
[Result "1-0"]
[ECO "A20"]
[WhiteElo "1922"]
[BlackElo "2053"]
[Annotator "NA RC"]
[PlyCount "113"]
[EventDate "2024.07.01"]
[EventType "team-tourn"]
[EventCountry "POL"]
[SourceTitle "playchess.com"]
[Source "ChessBase"]
[SourceQuality "1"]
[TimeControl "40/5400+30:1800+30"]

1. c4 e5 2. g3 Nc6 3. Bg2 Nf6 4. Nc3 Bc5 5. e3 d6 6. a3 a6 7. Nge2 O-O 8. O-O Re8 9. Qc2 Bg4 10. h3 Bh5 11. b4 Ba7 12. Bb2 Bg6 13. d3 Qd7 14. Rad1 h5 15. Qd2 Rad8 16. Kh2 Bf5 17. Nd5 Nxd5 18. cxd5 Ne7 19. e4 Bg6 20. f4 f6 21. d4 c6 22. dxe5 fxe5 23. dxc6 Nxc6 24. f5 Bh7 25. f6 Rf8 26. Qg5 g6 27. Ng1 Bxg1+ 28. Kxg1 Rf7 29. Rf2 Rdf8 30. Bf1 b5 31. Rc1 Nd4 32. Bxd4 exd4 33. Qd5 Kh8 34. Qxd4 Qe6 35. Rc6 Rxf6 36. Rxa6 Kg8 37. Rxf6 Rxf6 38. Ra8+ Kg7 39. Ra7+ Kh6 40. Bxb5 g5 41. Bd7 Qe5 42. Qxe5 dxe5 43. Bf5 Bxf5 44. exf5 Rxf5 45. Ra6+ Kg7 46. Kg2 Kf7 47. a4 h4 48. Rb6 hxg3 49. a5 e4 50. a6 e3 51. a7 Rf2+ 52. Kxg3 Ra2 53. Rb7+ Ke6 54. Kf3 e2 55. Kf2 Kd5 56. Rb5+ Kc6 57. Ra5 1-0

[Event "WSTCC-50 2024"]
[Site "Krakow"]
[Date "2024.07.03"]
[Round "2.22"]
[White "Kawula, Andrzej"]
[Black "Wolf, Sylvia"]
[Result "0-1"]
[ECO "A70"]
[WhiteElo "1847"]
[BlackElo "1992"]
[Annotator "NA RC"]
[PlyCount "72"]
[EventDate "2024.07.01"]
[EventType "team-tourn"]
[EventCountry "POL"]
[SourceTitle "playchess.com"]
[Source "ChessBase"]
[SourceQuality "1"]
[TimeControl "40/5400+30:1800+30"]

1. d4 Nf6 2. c4 c5 3. d5 e6 4. Nc3 exd5 5. cxd5 d6 6. e4 g6 7. Nf3 Bg4 8. Be2 Bg7 9. O-O O-O 10. h3 Bxf3 11. Bxf3 a6 12. a4 Re8 13. Bf4 Qc7 14. Rc1 Nbd7 15. Re1 Rab8 16. b4 b5 17. bxc5 Nxc5 18. axb5 axb5 19. e5 dxe5 20. d6 Qb6 21. Rxe5 Rxe5 22. Bxe5 Ncd7 23. Bf4 b4 24. Nd5 Nxd5 25. Bxd5 b3 26. Be3 Qb4 27. Rb1 b2 28. Qf3 Ne5 29. Qe4 Qxd6 30. Bf4 Rb4 31. Bxe5 Bxe5 32. Qf3 Rf4 33. Qb3 Qc5 34. Bf3 Rc4 35. Qd3 Rc1+ 36. Bd1 Qd4 0-1

[Event "WSTCC-50 2024"]
[Site "Krakow"]
[Date "2024.07.03"]
[Round "2.23"]
[White "Santanna, Paulo"]
[Black "Baliuniene, Margarita"]
[Result "0-1"]
[ECO "B23"]
[WhiteElo "2020"]
[BlackElo "1960"]
[Annotator "NA RC"]
[PlyCount "114"]
[EventDate "2024.07.01"]
[EventType "team-tourn"]
[EventCountry "POL"]
[SourceTitle "playchess.com"]
[Source "ChessBase"]
[SourceQuality "1"]
[TimeControl "40/5400+30:1800+30"]

1. e4 c5 2. Nc3 g6 3. d4 cxd4 4. Qxd4 Nf6 5. Nf3 Nc6 6. Qa4 d6 7. e5 Nd7 8. exd6 Nb6 9. Qf4 exd6 10. Bb5 Be7 11. O-O O-O 12. Bxc6 bxc6 13. Qh6 f6 14. b3 Rf7 15. Bb2 d5 16. Rad1 Bd7 17. Rfe1 Qf8 18. Qc1 a5 19. a4 Bb4 20. Re3 Bc5 21. Ree1 Re8 22. Rxe8 Qxe8 23. h3 Nc8 24. Qf4 Bd6 25. Qd4 Bf5 26. Rd2 Qd8 27. g4 Bd7 28. Re2 Ne7 29. Qd3 Qc8 30. Ne4 dxe4 31. Qxd6 Bxg4 32. hxg4 Qxg4+ 33. Qg3 Qxf3 34. Qxf3 exf3 35. Re3 g5 36. Rxf3 Kg7 37. Bc3 Kg6 38. Bxa5 g4 39. Rc3 h5 40. Bd8 Nf5 41. Rxc6 Nd4 42. Rd6 Nf3+ 43. Kg2 h4 44. a5 h3+ 45. Kh1 Ng5 46. Rd4 Kf5 47. a6 Ne4 48. Bb6 Nxf2+ 49. Kh2 Rg7 50. Kg3 Ne4+ 51. Rxe4 Kxe4 52. a7 Rg8 53. Bc7 Ra8 54. Bb8 f5 55. b4 Kd5 56. b5 Kc5 57. c4 Kb6 0-1

[Event "WSTCC-50 2024"]
[Site "Krakow"]
[Date "2024.07.03"]
[Round "2.23"]
[White "Mai, Iris"]
[Black "Czernicki, Bogdan"]
[Result "0-1"]
[ECO "A59"]
[WhiteElo "1972"]
[BlackElo "1886"]
[Annotator "NA RC"]
[PlyCount "75"]
[EventDate "2024.07.01"]
[EventType "team-tourn"]
[EventCountry "POL"]
[SourceTitle "playchess.com"]
[Source "ChessBase"]
[SourceQuality "1"]
[TimeControl "40/5400+30:1800+30"]

1. d4 Nf6 2. c4 c5 3. d5 b5 4. cxb5 a6 5. bxa6 Bxa6 6. Nc3 g6 7. e4 Bxf1 8. Kxf1 d6 9. g3 Bg7 10. Kg2 Nbd7 11. Nf3 O-O 12. Qe2 Qb8 13. h4 h5 14. Rb1 Ng4 15. Bg5 Re8 16. Rhc1 Qb7 17. Nd2 Qa6 18. a3 Nge5 19. Qxa6 Rxa6 20. b4 Nd3 21. Rc2 Rxa3 22. Nb5 Ra4 23. bxc5 N7xc5 24. Nc3 Rb4 25. Rf1 Kf8 26. Be3 Ra8 27. f3 Bf6 28. Kh3 Ra3 29. Ne2 Rba4 30. Nc4 Ra2 31. Rxa2 Rxa2 32. Nf4 Nxf4+ 33. Bxf4 Nd3 34. Be3 Rc2 35. Na5 Re2 36. Bg1 Kg7 37. Nc6 Ne1 38. Bb6 0-1

[Event "WSTCC-50 2024"]
[Site "Krakow"]
[Date "2024.07.03"]
[Round "2.24"]
[White "Buriene, Regina"]
[Black "Serafim Junior, Arnor"]
[Result "1/2-1/2"]
[ECO "B44"]
[WhiteElo "1904"]
[BlackElo "1770"]
[Annotator "NA RC"]
[PlyCount "82"]
[EventDate "2024.07.01"]
[EventType "team-tourn"]
[EventCountry "POL"]
[SourceTitle "playchess.com"]
[Source "ChessBase"]
[SourceQuality "1"]
[TimeControl "40/5400+30:1800+30"]

1. e4 c5 2. Nf3 e6 3. d4 cxd4 4. Nxd4 Nc6 5. Nb5 d6 6. c4 Nf6 7. N1c3 Be7 8. Be2 a6 9. Nd4 O-O 10. O-O Qc7 11. Be3 Bd7 12. Rc1 Nxd4 13. Bxd4 Rac8 14. Re1 Qb8 15. Bf1 b5 16. cxb5 Bxb5 17. Nxb5 axb5 18. Qd3 b4 19. f3 Nd7 20. Qb5 Qxb5 21. Bxb5 Nc5 22. Rc2 Rb8 23. Bc4 b3 24. axb3 Nxb3 25. Bxb3 Rxb3 26. Rec1 Bg5 27. Ra1 Rd8 28. Kf1 Bf6 29. Bxf6 gxf6 30. Ke2 Rb7 31. Rb1 d5 32. exd5 Rxd5 33. b3 Kf8 34. b4 Ke7 35. Ke3 Kd6 36. Ke4 Re5+ 37. Kd4 Rd5+ 38. Ke3 Re5+ 39. Kd4 Rd5+ 40. Ke3 Re5+ 41. Kd4 Rd5+ 1/2-1/2

[Event "WSTCC-50 2024"]
[Site "Krakow"]
[Date "2024.07.03"]
[Round "2.24"]
[White "Cholewa, Dorota"]
[Black "Jahn, Constanze"]
[Result "1/2-1/2"]
[ECO "A05"]
[WhiteElo "1530"]
[BlackElo "2051"]
[Annotator "NA RC"]
[PlyCount "102"]
[EventDate "2024.07.01"]
[EventType "team-tourn"]
[EventCountry "POL"]
[SourceTitle "playchess.com"]
[Source "ChessBase"]
[SourceQuality "1"]
[TimeControl "40/5400+30:1800+30"]

1. Nf3 Nf6 2. g3 b5 3. Bg2 Bb7 4. O-O e6 5. d3 d6 6. Bg5 Be7 7. Nbd2 h6 8. Bxf6 Bxf6 9. Rb1 Nd7 10. c3 O-O 11. a4 a6 12. axb5 axb5 13. d4 c5 14. e4 Qb6 15. dxc5 Nxc5 16. Qc2 Rfd8 17. Rfe1 Ra2 18. Ra1 Rda8 19. Rxa2 Rxa2 20. e5 dxe5 21. Nxe5 Bxg2 22. Kxg2 Bxe5 23. Rxe5 Na4 24. Re2 Qc6+ 25. Qe4 Qxe4+ 26. Nxe4 Kf8 27. Kf3 Rxb2 28. Rxb2 Nxb2 29. Nd6 Ke7 30. Nxb5 Kd7 31. Ke2 Kc6 32. Na3 Kd5 33. f3 Na4 34. Kd3 Nc5+ 35. Ke3 e5 36. c4+ Kc6 37. Nc2 Nb3 38. Kd3 Kc5 39. Ne3 Nd4 40. f4 exf4 41. gxf4 f5 42. h3 g6 43. h4 Ne6 44. Ng2 Kb4 45. Ne3 Nxf4+ 46. Kd4 Ne2+ 47. Kd5 Nc3+ 48. Kd4 f4 49. Ng4 f3 50. c5 Ne2+ 51. Kd5 Nc3+ 1/2-1/2

[Event "WSTCC-50 2024"]
[Site "Krakow"]
[Date "2024.07.04"]
[Round "3.1"]
[White "Ehlvest, Jaan"]
[Black "Sokolin, Leonid"]
[Result "1/2-1/2"]
[ECO "C77"]
[WhiteElo "2528"]
[BlackElo "2454"]
[Annotator "TA"]
[PlyCount "39"]
[EventDate "2024.07.01"]
[EventType "team-tourn"]
[EventCountry "POL"]
[SourceTitle "playchess.com"]
[Source "ChessBase"]
[SourceQuality "1"]
[TimeControl "40/5400+30:1800+30"]

1. e4 e5 2. Nf3 Nc6 3. Bb5 a6 4. Ba4 Nf6 5. Nc3 d6 6. Bxc6+ bxc6 7. d4 exd4 8. Nxd4 Bd7 9. Qf3 c5 10. Nf5 Bxf5 11. Qxf5 g6 12. Qh3 Bg7 13. Bh6 O-O 14. Bxg7 Kxg7 15. O-O-O Re8 16. Rhe1 Qc8 17. Qg3 {[%emt 0:09:10] White is more active.} Rb8 18. b3 {[%emt 0:12:15] White is slightly better.} Rb4 19. f3 Qe6 20. Kb1 {Weighted Error Value: White=0.07 (flawless) /Black=0.05 (flawless) .  Inaccurate:     	White=2     	Black=1      OK:         	White=7     	Black=6} 1/2-1/2

[Event "WSTCC-50 2024"]
[Site "Krakow"]
[Date "2024.07.04"]
[Round "3.1"]
[White "Jhunjhnuwala, Krishan"]
[Black "Mrva, Martin"]
[Result "0-1"]
[ECO "B23"]
[WhiteElo "2227"]
[BlackElo "2361"]
[Annotator "TA"]
[PlyCount "96"]
[EventDate "2024.07.01"]
[EventType "team-tourn"]
[EventCountry "POL"]
[SourceTitle "playchess.com"]
[Source "ChessBase"]
[SourceQuality "1"]
[TimeControl "40/5400+30:1800+30"]

1. e4 c5 2. Nc3 e6 3. f4 d5 4. Nf3 dxe4 5. Nxe4 Nc6 6. Bb5 Bd7 7. Qe2 Nf6 8. f5 Nxe4 (8... Be7 {keeps more tension.} 9. fxe6 Bxe6 10. Nfg5 Nxe4 11. Nxe6 fxe6 12. Qxe4 O-O) 9. Qxe4 {[%emt 0:04:21] The position is equal.} Qe7 10. fxe6 Qxe6 11. Qxe6+ Bxe6 12. Bxc6+ bxc6 13. d3 c4 14. dxc4 Bxc4 15. Be3 {[%emt 0:03:24] Dodges Bc5} Bb4+ 16. Kf2 a5 17. c3 Be7 18. b3 Bd5 19. c4 Be4 20. Rhe1 O-O 21. Rad1 f5 22. Rd7 Bb4 {[%emt 0:03:41][%cal Oe4f3] Threatens to win with ...Bxf3!} 23. Red1 (23. Bd2 {simplifies} Rfd8 24. Rxd8+ Rxd8 25. Bxb4 axb4 26. Re2) 23... Rfe8 (23... h6 {simplifies} 24. Nd2 Rae8 25. Nxe4 Rxe4 26. R7d4 a4) 24. Ng5 Bxg2 25. Bd4 Re7 26. Ba1 {[%emt 0:01:01][%mdl 1024] White has compensation.} Be4 27. Rd8+ Re8 {[%emt 0:00:55] [#]} 28. R1d7 $40 {[%emt 0:00:42][%mdl 128] White mounts an attack.} Bc5+ (28... Raxd8 29. Rxg7+ Kh8 30. Nf7#) 29. Kg3 Bd6+ (29... Raxd8 30. Rxg7+ Kh8 31. Nf7#) 30. Kf2 Bc5+ {[%emt 0:00:06] A strong pair of Bishops.} (30... Raxd8 31. Rxg7+ Kh8 32. Nf7#) 31. Kg3 Bf8 (31... Raxd8 32. Rxg7+ Kh8 33. Nf7#) 32. Rxa8 Rxa8 33. Ne6 a4 (33... c5 $11 {keeps the balance.}) 34. bxa4 (34. Bxg7 $16 Bxg7 35. Rxg7+ Kh8 36. Kf4) 34... g5 (34... Rxa4 35. Bxg7 Bxg7 36. Rxg7+ Kh8 37. Rb7) 35. Nxg5 Rxa4 (35... Bb1 $14) 36. Nxh7 $2 {[%emt 0:00:59][%mdl 8192] This costs White the game.} (36. Kh4 $16 {and life is bright.} Rxa2 (36... Rxc4 $2 {perishes.} 37. Nxh7 Bd5+ 38. Kg5 $18) 37. Be5) 36... f4+ $1 $19 ({And not} 36... Rxc4 37. Nf6+ Kh8 38. Rh7#) 37. Kxf4 Bxh7 38. Kg5 Rxc4 39. Be5 Rc2 40. a4 Rf2 41. Bg3 Rf5+ 42. Kg4 Ra5 {[%emt 0:00:17] White must now prevent ...Bf5+.} 43. Rd8 Rxa4+ 44. Kg5 Kf7 {[%emt 0:00:15] ( -> ...Be7+)} 45. Rd7+ {[%emt 0:00:34] [#]} (45. Bd6 $19 Ra5+ 46. Kf4 Bh6+ 47. Kf3) 45... Be7+ {[%emt 0:00:09] Black mates.} 46. Kh6 Bf5 47. Rc7 c5 48. h4 Rg4 {[%emt 0:00:41] Weighted Error Value: White=0.39/Black=0.11 (very precise) .  Loses game:     	White=1     	---        Mistake:       	White=2     	Black=2      Inaccurate:     	White=2     	Black=4      OK:         	White=17    	Black=14     Best:        	White=1     	Black=2      Strong:       	---       	Black=1} 0-1

[Event "WSTCC-50 2024"]
[Site "Krakow"]
[Date "2024.07.04"]
[Round "3.1"]
[White "Baginskaite, Kamile"]
[Black "Crocker, Philip J"]
[Result "1/2-1/2"]
[ECO "D10"]
[WhiteElo "2057"]
[BlackElo "2122"]
[Annotator "NA RC"]
[PlyCount "43"]
[EventDate "2024.07.01"]
[EventType "team-tourn"]
[EventCountry "POL"]
[SourceTitle "playchess.com"]
[Source "ChessBase"]
[SourceQuality "1"]
[TimeControl "40/5400+30:1800+30"]

1. d4 d5 2. c4 c6 3. cxd5 cxd5 4. Nc3 Nf6 5. Bf4 Nc6 6. e3 a6 7. Bd3 Bg4 8. Nge2 e6 9. O-O Bd6 10. Bg5 O-O 11. Rc1 Rc8 12. Na4 Qc7 13. Bxf6 gxf6 14. h3 Bh5 15. f4 f5 16. a3 Kh8 17. Qe1 Bxe2 18. Qxe2 Rg8 19. Nc3 Qe7 20. Qh5 Qf6 21. Ne2 Qg6 22. Qxg6 1/2-1/2

[Event "WSTCC-50 2024"]
[Site "Krakow"]
[Date "2024.07.04"]
[Round "3.2"]
[White "Paschall, William"]
[Black "Shabalov, Alexander"]
[Result "1/2-1/2"]
[ECO "A06"]
[WhiteElo "2312"]
[BlackElo "2467"]
[Annotator "TA"]
[PlyCount "47"]
[EventDate "2024.07.01"]
[EventType "team-tourn"]
[EventCountry "POL"]
[SourceTitle "playchess.com"]
[Source "ChessBase"]
[SourceQuality "1"]
[TimeControl "40/5400+30:1800+30"]

1. Nf3 d5 2. g3 Nf6 3. Bg2 e6 4. O-O Be7 5. d4 O-O 6. c4 a5 7. Nc3 c6 8. Ne5 Nbd7 9. Nxd7 {[%emt 0:09:17] White is slightly better.} Bxd7 10. Qd3 a4 11. Bd2 Qb8 12. Bf4 Qa7 13. Rfd1 Nh5 14. Bd2 f5 15. Be1 Nf6 16. Rac1 {[%emt 0:02:36] [#]} b5 $1 17. cxb5 (17. c5 b4) 17... cxb5 18. a3 Rfc8 19. Na2 Ne4 20. Bb4 Bf6 21. f3 Rxc1 (21... e5 $5) 22. Nxc1 Ng5 23. Bc5 Qc7 24. Qe3 {[%emt 0:01:05] Weighted Error Value: White=0.13 (very precise) /Black=0.12 (very precise) .  Inaccurate:     	White=2     	Black=3      OK:         	White=2     	Black=7} 1/2-1/2